 Dungeon Crawl Stone Soup version 0.30-a0-5-g3a90980b9d (webtiles) character file.

Game seed: 10345066342587921762

7 Nedwor the Cutter (level 1, 0/16 HPs)
             Began as a Demonspawn Gladiator on Aug 22, 2022.
             Succumbed to a goblin's poison
             ... on level 1 of the Dungeon.
             The game lasted 00:00:25 (209 turns).

Nedwor the Cutter (Demonspawn Gladiator)             Turns: 209, Time: 00:00:26

Health: 0/16       AC:  4    Str: 14    XL:     1   Next: 83%
Magic:  1/1        EV: 12    Int:  9    God:
Gold:   9          SH:  0    Dex: 14    Spells: 0/0 levels left

rFire   . . .      SeeInvis .    a - +0 rapier
rCold   . . .      Faith    .    (no shield)
rNeg    . . .      Spirit   .    b - +0 leather armour
rPois   .          Reflect  .    c - +0 helmet
rElec   .          Harm     .    (no cloak)
rCorr   .          Rampage  .    (no gloves)
Will    .....                    (no boots)
Stlth   +.........               (no amulet)
HPRegen 0.05/turn                (no ring)
MPRegen 0.07/turn                (no ring)

@: lethally poisoned (0 -> -20)
A: no striking features
a: no special abilities


You were on level 1 of the Dungeon.
You visited 1 branch of the dungeon, and saw 1 of its levels.

You collected 9 gold pieces.

Inventory:

Hand Weapons
 a - a +0 rapier (weapon)
Armour
 b - a +0 leather armour (worn)
 c - a +0 helmet (worn)
Potions
 d - a potion of flight {unknown}


   Skills:
 + Level 2.1 Fighting
 * Level 2.9 Short Blades
 - Level 1.7 Throwing
 + Level 0.3 Armour
 + Level 2.8 Dodging


You couldn't memorise any spells.
You didn't know any spells.
Your spell library was empty.

Dungeon Overview and Level Annotations

Branches:
Dungeon (1/15)

Altars:


Message History

You hit the quokka but do no damage. The quokka closely misses you.
You hit the quokka.
The quokka is heavily wounded.
The quokka bites you. The quokka closely misses you.
You barely miss the quokka.
The quokka is heavily wounded.
The quokka misses you.
You closely miss the quokka.
The quokka is heavily wounded.
The quokka bites you but does no damage.
You hit the quokka.
You kill the quokka!
No target in view!
No target in view!
No target in view!
A goblin and a quokka come into view.
The goblin is wielding a +2 dagger of venom.
There are monsters nearby!
There are monsters nearby!
You closely miss the goblin. The goblin hits you but does no damage.
You are poisoned.
You closely miss the goblin.
You feel sick.
The goblin hits you with a +2 dagger of venom.
You closely miss the quokka.
You feel sick. The quokka closely misses you. The goblin misses you.
You hit the quokka.
The quokka is almost dead.
You feel sick. The quokka closely misses you.
The goblin hits you with a +2 dagger of venom.
* * * LOW HITPOINT WARNING * * *
You are more poisoned.
You are too injured to fight recklessly!
You are too injured to fight recklessly!
You are too injured to fight recklessly!
You are too injured to fight recklessly!
You are too injured to fight recklessly!
You are too injured to fight recklessly!
You are too injured to fight recklessly!
You are too injured to fight recklessly!
You die...

..# # ..#.# ..#r
. ... .. #
####$. ...#.
....
#...###r########
#....@g......
...
#...#########
.... +...'..#
.#.. #...##.###
.#.#
........##.#..
.#.#
......####.#.#
.#.# ......
#.#.#
.#.##########
#.#.#####
.#........
#.......#


You could see a quokka and a goblin.

Vanquished Creatures
  2 hobgoblins (D:1)
  A quokka (D:1)
  2 frilled lizards (D:1)
  2 rats (D:1)
7 creatures vanquished.

Notes
Turn   | Place    | Note
-------+----------+-------------------------------------------
     0 | D:1      | Nedwor the Demonspawn Gladiator began the quest for the
                  | Orb.
     0 | D:1      | Reached XP level 1. HP: 16/16 MP: 1/1
   209 | D:1      | Succumbed to a goblin's poison

Illustrated notes

Levels and vault maps discovered:
D:1:      wander_arrival_chamber, layout_basic, dk_noncrumbling_4

Action                   || total
-------------------------++-------
Melee: Rapier            ||    25
Armor: Leather armour    ||     6
Dodge: Dodged            ||    14

Table legend: (Time is in decaauts)
 A = Elapsed time spent in this place.
 B = Non-inter-level travel time spent in this place.
 C = Inter-level travel time spent in this place.
 D = Time resting spent in this place.
 E = Time spent auto-exploring this place.
 F = Levels seen in this place.
 G = Mean time per level.
                   A        B        C        D        E       F      G
               +--------+--------+--------+--------+--------+-----+--------+
         Total |    210 |    210 |      0 |      0 |    163 |   1 |  210.0 |
       Dungeon |    210 |    210 |      0 |      0 |    163 |   1 |  210.0 |
               +--------+--------+--------+--------+--------+-----+--------+

Top non-repeatable levels by time:
     D:1: 210 daAuts
